 Dungeon Crawl Stone Soup version 0.26.1-2-gb8aa6d0cf2 (webtiles) character file.

Game seed: 14455454790501208328

277 funkygono the Chucker (level 6, -3/57 HPs)
             Began as a Troll Hunter on Mar 14, 2021.
             Was an Initiate of Makhleb.
             Slain by a scorpion (7 damage)
             ... on level 3 of the Dungeon.
             The game lasted 00:03:51 (1837 turns).

funkygono the Chucker (Troll Hunter)                Turns: 1837, Time: 00:03:52

Health: -3/57      AC:  7    Str: 23    XL:     6   Next: 4%
Magic:  5/5        EV: 10    Int:  7    God:    Makhleb [......]
Gold:   172        SH:  0    Dex: 10    Spells: 5/5 levels left

rFire    . . .     SeeInvis .     - Unarmed
rCold    . . .     Faith    .   (no shield)
rNeg     . . .     Spirit   .   b - +1 robe
rPois    .         Reflect  .   (helmet restricted)
rElec    .         Harm     .   (no cloak)
rCorr    .         Rampage  .   (gloves unavailable)
Will     .....                  (boots unavailable)
Stlth    +.........             (no amulet)
HPRegen  0.59/turn              (no ring)
MPRegen  0.09/turn              (no ring)

@: lethally poisoned (-3 -> -7)
A: large, unfitting armour, claws 3, regeneration 1, shaggy fur 1, tough skin 3
a: Renounce Religion


You were on level 3 of the Dungeon.
You worshipped Makhleb.
Makhleb was noncommittal.
You visited 1 branch of the dungeon, and saw 3 of its levels.

You collected 172 gold pieces.

Inventory:

Missiles
 a - 46 stones (quivered)
 c - 5 large rocks
 d - 2 throwing nets
Armour
 b - a +1 robe (worn)
Scrolls
 g - a scroll of blinking
 i - 2 scrolls of identify {unknown}
 k - a scroll of teleportation
Potions
 e - a potion of might {unknown}
 f - a potion of curing {unknown}
 h - a potion of heal wounds {unknown}
 j - a potion of ambrosia


   Skills:
 * Level 2.2 Fighting
 * Level 4.9 Throwing
 * Level 2.2 Dodging
 + Level 0.5 Stealth
 * Level 3.6 Unarmed Combat


You had 5 spell levels left.
You didn't know any spells.
Your spell library was empty.

Dungeon Overview and Level Annotations

Branches:
Dungeon (3/15)

Altars:
Makhleb
Qazlal

Annotations:
D:3 1 transporter


Innate Abilities, Weirdness & Mutations

You are too large for most types of armour.
You have claws for hands.
Your natural rate of healing is unusually fast.
You are covered in fur. (AC +1)
You have extremely tough skin. (AC +3)


Message History

You destroy the howler monkey zombie!
Makhleb accepts your kill.
You feel sick. The scorpion stings you.
* * * LOW HITPOINT WARNING * * *
You feel sick. The scorpion stings you.
* * * LOW HITPOINT WARNING * * *
You are more poisoned.
The scorpion poisons you!
You completely miss the scorpion.
You feel sick. The scorpion stings you.
* * * LOW HITPOINT WARNING * * *
You claw the scorpion!
The scorpion is heavily wounded.
* * * LOW HITPOINT WARNING * * *
You feel sick. The scorpion barely misses you.
Unknown command.
You closely miss the scorpion.
The scorpion is heavily wounded.
* * * LOW HITPOINT WARNING * * *
You feel sick. The scorpion stings you!
You die...

.....................#...#...#...
.........>.....##....#...#...#...
.............©...........#####..#
.........#########.............#.
.#####..##8.....8##..#.#######..#
........#)........#..#.## #...
.#####..#.#..©..#.#...... ....
.... ...#..#...#s.#..#.## ##.#
.### ..#...[.†.@©#...... ..
..#..#...#..#.....# ##
..#.#.....#.#..#..#
..#..!)$($..#.....#
..##8$._.$8##......
...#########.......
......©......##..# #..#.....#.#.#
..#


You could see a scorpion.

Vanquished Creatures
  A bullfrog (D:3)
  2 orc priests (D:3)
  An orc wizard (D:3)
  Jessica (D:2)
  A howler monkey zombie (D:3)
  3 adders
  2 worms
  A dart slug (D:2)
  2 leopard geckos
  5 orcs (D:3)
  2 giant cockroaches
  4 goblins
  8 hobgoblins
  2 jackals (D:1)
  A quokka (D:2)
  4 bats
  5 frilled lizards
  6 kobolds
  3 rats
54 creatures vanquished.

Notes
Turn   | Place    | Note
-------+----------+-------------------------------------------
     0 | D:1      | funkygono the Troll Hunter began the quest for the Orb.
     0 | D:1      | Reached XP level 1. HP: 19/19 MP: 0/0
   339 | D:1      | Reached XP level 2. HP: 24/27 MP: 1/1
   605 | D:1      | Reached skill level 4 in Throwing
   800 | D:2      | Reached skill level 1 in Unarmed Combat
   800 | D:2      | Reached XP level 3. HP: 35/35 MP: 2/2
   920 | D:2      | Noticed Jessica
   925 | D:2      | Killed Jessica
  1163 | D:2      | Reached XP level 4. HP: 42/42 MP: 3/3
  1491 | D:3      | Reached XP level 5. HP: 38/49 MP: 4/4
  1609 | D:3      | Found a burning altar of Makhleb.
  1621 | D:3      | Became a worshipper of Makhleb the Destroyer
  1688 | D:3      | Found a transporter.
  1696 | D:3      | Found a faded altar of an unknown god.
  1801 | D:3      | Found a transporter.
  1809 | D:3      | Found a stormy altar of Qazlal.
  1827 | D:3      | Reached XP level 6. HP: 5/57 MP: 5/5
  1837 | D:3      | Slain by a scorpion

Illustrated notes

Levels and vault maps discovered:
D:1:      amcnicky_arrival_gap_in_the_tavern_cellar, layout_basic
D:2:      layout_basic, uniq_jessica
D:3:      layout_basic, gammafunk_temple_overflow_arena,
          nicolae_overflow_crystal_walls, chequers_ecumenical_altar_simple_redux

Skill      XL: |  1  2  3  4  5 |
---------------+----------------+-----
Throwing       | 4 |  4.9
Unarmed Combat | 1 2 3 |  3.6
Dodging        | 2 |  2.2
Fighting       | 2 |  2.2
Stealth        | |  0.5

Action                   |  1- 3 |  4- 6 || total
-------------------------+-------+-------++-------
Melee: Unarmed           |    87 |    66 ||   153
Throw: Stone             |    17 |    26 ||    43
       Large rock        |     1 |       ||     1
  Use: Scroll            |       |     6 ||     6
       Potion            |       |     1 ||     1
 Stab: Sleeping          |       |     1 ||     1
Armor: Robe              |    33 |    26 ||    59
Dodge: Dodged            |    39 |    46 ||    85
